 Dungeon Crawl Stone Soup version 0.30.0-5-g1a98f26d00 (webtiles) character file.

Game seed: 9014550620211012667

3937 croobank the Gusty (level 10, -13/63 HPs)
             Began as a Demonspawn Air Elementalist on May 10, 2023.
             Was a Follower of Hepliaklqana.
             Mangled by a komodo dragon (24 damage)
             ... on level 8 of the Dungeon.
             The game lasted 00:41:53 (12665 turns).

croobank the Gusty (Demonspawn Air Elementalist)   Turns: 12665, Time: 00:41:54

Health: -13/63     AC: 11    Str:  9    XL:     10   Next: 1%
Magic:  6/20       EV: 14    Int: 21    God:    Hepliaklqana [*.....]
Gold:   310        SH:  4    Dex:  8    Spells: 5/23 levels left

rFire   . . .        e - +0 dagger (protect)
rCold   . . .        (no shield)
rNeg    . . .        z - +4 leather armour of the Prince of Darkness {Harm Rampage Dex-5}
rPois   .            (no helmet)
rElec   .            (no cloak)
rCorr   .            (no gloves)
SInv    +            (no boots)
Will    .....        (no amulet)
Stlth   ++           g - ring of see invisible
HPRegen 0.30/turn    (no ring)
MPRegen 0.17/turn

%: harm (+30% outgoing, +20% incoming), rampage
@: no status effects
A: reduced essence, claws 2, repulsion field 1, icemail 1, condensation shield
a: Renounce Religion, Recall Ancestor, Ancestor Identity


You were on level 8 of the Dungeon.
You worshipped Hepliaklqana.
Hepliaklqana was aware of your devotion.
You visited 1 branch of the dungeon, and saw 8 of its levels.

You collected 574 gold pieces.
You spent 264 gold pieces at shops.

Inventory:

Hand Weapons
 a - a +0 mace
 b - a +0 sling
 d - a +0 hand axe
 e - a +0 dagger of protection (weapon)
 p - a +0 falchion
 u - a +0 short sword
 w - a +1 broad axe
Missiles
 t - 11 boomerangs
 v - 3 javelins (quivered)
 A - 6 atropa-tipped darts
Armour
 f - a +0 robe
 z - the +4 leather armour of the Prince of Darkness (worn) {Harm Rampage Dex-5}
   (You found it on level 8 of the Dungeon)

   Dex:       It affects your dexterity (-5).
   Harm:      It increases damage dealt and taken.
   Rampage:   It bestows one free step when moving towards enemies.
 F - a scarf of shadows
 G - a +2 ring mail of cold resistance
Jewellery
 g - a ring of see invisible (left claw)
 l - a ring of ice
 m - an amulet of guardian spirit
 r - a ring of ice
Wands
 y - a wand of iceblast (4)
Scrolls
 h - a scroll of magic mapping
 i - 3 scrolls of teleportation
 n - a scroll of fog
 q - 7 scrolls of identify
 B - 2 scrolls of poison
 C - a scroll of noise
 D - a scroll of fear
 H - a scroll of torment {unknown}
Potions
 c - a potion of resistance
 j - a potion of brilliance
 k - a potion of flight
 o - a potion of haste
 s - a potion of cancellation
 E - a potion of attraction {unknown}


   Skills:
 - Level 4.1 Fighting
 - Level 4.4 Dodging
 - Level 4.8 Stealth
 + Level 7.0 Spellcasting
 - Level 4.4 Conjurations
 - Level 2.5 Hexes
 - Level 1.4 Translocations
 + Level 7.3 Air Magic
 - Level 3.3 Invocations


You had 5 spell levels left.
You knew the following spells:

 Your Spells              Type           Power      Damage    Failure   Level
a - Shock                 Conj/Air       100%       1d9       1%          1
b - Static Discharge      Conj/Air       64%        2-5/arc   1%          2
c - Swiftness             Air            38%        N/A       1%          3
d - Poisonous Vapours     Pois/Air       44%        N/A       4%          2
e - Fulminant Prism       Conj/Hex       11%        3d8       28%         4
f - Blink                 Tloc           26%        N/A       11%         2
g - Airstrike             Air            19%        2d(3-19)  6%          4

Your spell library contained the following spells:

 Spells                   Type           Power      Damage    Failure   Level
 Sting                    Tmut/Pois      28%        1d4       12%         1
 Summon Guardian Golem    Hex/Summ       12%        N/A       22%         3
 Volatile Blastmotes      Fire/Tloc      20%        2d11      28%         3
 Ignite Poison            Fire/Tmut/Pois 7%         N/A       36%         3
 Iskenderun's Mystic Bla  Conj/Tloc      19%        2d6       36%         4
 Sticky Flame             Conj/Fire      16%        2d4       43%         4
 Manifold Assault         Tloc           13%        N/A       56%         4
 Anguish                  Hex/Necr       6%         N/A       58%         4
 Olgreb's Toxic Radiance  Pois           7%         N/A       77%         4
 Lee's Rapid Deconstruct  Erth           3%         3d5*      98%         5
 Enfeeble                 Hex            9%         N/A       100%        7
 Orb of Destruction       Conj           13%        9d7       100%        7
 Spellforged Servitor     Conj/Summ      8%         N/A       100%        7
 Storm Form               Tmut/Air       11%        N/A       100%        7
 Ignition                 Fire           3%         3d4       100%        8


Dungeon Overview and Level Annotations

Branches:
Dungeon (8/15)             Temple (0/1) D:7
   Lair: D:8-11

Altars:
Cheibriados
Dithmenos
Hepliaklqana
Makhleb
Okawaru
Qazlal
Trog
Uskayaw
Xom

Shops:
D:1 ?   D:6 *

Annotations:
D:6 need digging


Innate Abilities, Weirdness & Mutations

Your life essence is reduced to manifest your ancestor. (-10% HP)
You have very sharp fingernails.
You are surrounded by a mild repulsion field. (EV +2)
A meltable icy envelope protects you from harm. (AC +4)
A meltable shield of frost defends you. (SH +4)


Message History

An icy envelope takes form around you.
Takurtum remembers more of their old skill.
Casting: Static Discharge (safe; 1% risk of failure)
Confirm with . or Enter, or press ? or * to list all spells.
Takurtum avoids your attack.
A blue arc grounds itself harmlessly.
The iguana bites you. You block the iguana's attack.
Takurtum barely misses the iguana.
Casting: Static Discharge (safe; 1% risk of failure)
Confirm with . or Enter, or press ? or * to list all spells.
Takurtum avoids your attack.
The iguana is struck by an arc of lightning.
You kill the iguana!
The plant is struck by an arc of lightning.
The plant is lightly damaged.
The iguana is struck by an arc of lightning.
The iguana is severely wounded.
The lightning grounds out.
The iguana is struck by an arc of lightning.
The iguana is almost dead.
You are struck by an arc of lightning.
Takurtum avoids your attack.
A nearby plant withers and dies.
The iguana closely misses you.
Takurtum hits the iguana but does no damage.
Casting: Static Discharge (safe; 1% risk of failure)
Confirm with . or Enter, or press ? or * to list all spells.
Takurtum avoids your attack.
The komodo dragon is struck by an arc of lightning.
The komodo dragon is lightly wounded.
The plant is struck by an arc of lightning.
The plant is lightly damaged.
The komodo dragon is struck by an arc of lightning.
The komodo dragon is moderately wounded.
The lightning grounds out.
The iguana is struck by an arc of lightning.
You kill the iguana!
You are struck by an arc of lightning.
The lightning grounds out.
The komodo dragon bites you!!
* * * LOW HITPOINT WARNING * * *
The komodo dragon attacks as you move away!
The komodo dragon bites you!!
You die...

#......###
###.........
##...........
######.)..........
#P(.P###..........
##.PP...###........
#.P.P..###.<.....##
#.Rl...#...÷....###
#†@# ##...#......#
#.## #...#........
#.# #...#........
#.#####......[.....
#...............#..
#######.........#..
####.........
##...(......
#..##.#.....


You could see the friendly Takurtum the ancestor and a komodo dragon (ally
target).

Vanquished Creatures
  Grinder (D:6)
  9 yaks
  A sky beast (D:6)
  An ice beast (D:7)
  3 black bears
  2 ogres
  A centaur (D:5)
  2 phantoms
  7 bullfrogs
  3 scorpions
  4 jellies
  6 iguanas
  2 orc priests (D:7)
  2 sleepcaps
  11 orc wizards
  11 gnolls
  5 adders
  2 shadow imps
  2 ufetubi (D:6)
  2 worms
  2 dart slugs
  18 orcs
  5 ball pythons
  6 endoplasms
  6 goblins
  2 jackals (D:2)
  6 kobolds
  4 quokkas
  A bat (D:2)
  2 frilled lizards
  A goblin skeleton (D:8)
  A goblin zombie (D:8)
  A kobold zombie (D:8)
  2 orc zombies (D:8)
  7 rats
141 creatures vanquished.

Vanquished Creatures (collateral kills)
  A bullfrog (D:8)
  An iguana (D:8)
  An orc (D:8)
  A goblin zombie (D:8)
  A kobold skeleton (D:8)
5 creatures vanquished.

Vanquished Creatures (others)
  3 ancestors
3 creatures vanquished.

Grand Total: 149 creatures vanquished

Notes
Turn   | Place    | Note
-------+----------+-------------------------------------------
     0 | D:1      | croobank the Demonspawn Air Elementalist began the quest
                  | for the Orb.
     0 | D:1      | Reached XP level 1. HP: 13/13 MP: 3/3
   374 | D:1      | Gained mutation: You are surrounded by a mild repulsion
                  | field. (EV +2) [demonic ancestry]
   374 | D:1      | Reached XP level 2. HP: 8/20 MP: 0/5
   428 | D:1      | Learned a level 2 spell: Static Discharge
   602 | D:1      | Found Syiso's Magic Scroll Shop.
   605 | D:1      | Bought a scroll of identify for 26 gold pieces
  1619 | D:2      | Reached XP level 3. HP: 24/25 MP: 6/6
  1623 | D:2      | Learned a level 3 spell: Swiftness
  2047 | D:1      | Bought a scroll of identify for 26 gold pieces
  2047 | D:1      | Bought a scroll of blinking for 97 gold pieces
  2311 | D:3      | Found a shadowy altar of Dithmenos.
  2637 | D:3      | Found a stormy altar of Qazlal.
  2742 | D:3      | Reached skill level 1 in Fighting
  3294 | D:4      | Gained mutation: You have sharp fingernails. [demonic
                  | ancestry]
  3294 | D:4      | Reached XP level 4. HP: 25/32 MP: 4/7
  3577 | D:4      | Noticed a phantom
  3745 | D:4      | Noticed a scorpion
  3757 | D:4      | Killed a scorpion
  3758 | D:4      | Gained mutation: A meltable shield of frost defends you.
                  | (SH +4) [demonic ancestry]
  3758 | D:4      | Reached XP level 5. HP: 21/37 MP: 0/8
  4066 | D:4      | Learned a level 2 spell: Poisonous Vapours
  4272 | D:4      | Found a bloodstained altar of Trog.
  4273 | D:4      | Found an iron altar of Okawaru.
  4486 | D:4      | Reached XP level 6. HP: 43/44 MP: 6/10
  4684 | D:5      | Entered Level 5 of the Dungeon
  4771 | D:4      | HP: 2/44 [/static electricity (3)]
  6093 | D:5      | Reached XP level 7. HP: 43/51 MP: 8/11
  6375 | D:5      | Learned a level 4 spell: Fulminant Prism
  7324 | D:5      | Reached skill level 1 in Hexes
  7580 | D:5      | Gained mutation: You have very sharp fingernails. [demonic
                  | ancestry]
  7580 | D:5      | Reached XP level 8. HP: 55/58 MP: 9/13
  7978 | D:6      | Found Vomicvek's Elemental Accessories.
  7982 | D:6      | Learned a level 2 spell: Blink
  7989 | D:6      | Bought a wand of iceblast (4) for 115 gold pieces
  8265 | D:6      | Found a hazy altar of Hepliaklqana.
  8272 | D:6      | Noticed Grinder
  8281 | D:6      | Killed Grinder
  8419 | D:6      | Became a worshipper of Hepliaklqana the Forgotten
  8489 | D:6      | Reached skill level 1 in Invocations
  8764 | D:6      | Found a snail-covered altar of Cheibriados.
  9793 | D:7      | Reached skill level 1 in Translocations
 10191 | D:7      | Found a shimmering altar of Xom.
 10284 | D:7      | Found a staircase to the Ecumenical Temple.
 10361 | D:6      | Reached XP level 9. HP: 11/65 MP: 0/15
 10600 | D:7      | Found a burning altar of Makhleb.
 10838 | D:7      | Reached skill level 5 in Air Magic
 11278 | D:6      | Reached skill level 5 in Spellcasting
 11530 | D:7      | Reached * piety under Hepliaklqana
 11825 | D:8      | Identified the +4 leather armour of the Prince of Darkness
                  | {Harm Rampage Dex-5}
 12213 | D:8      | Found a hide-covered altar of Uskayaw.
 12233 | D:8      | Learned a level 4 spell: Airstrike
 12656 | D:8      | Noticed a komodo dragon
 12662 | D:8      | Gained mutation: A meltable icy envelope protects you from
                  | harm. (AC +4) [demonic ancestry]
 12662 | D:8      | Reached XP level 10. HP: 56/63 MP: 11/20
 12665 | D:8      | Mangled by a komodo dragon

Illustrated notes

Levels and vault maps discovered:
D:1:      kennysheep_arrival_seaside, layout_loops_cross, serial_shops, shop
D:2:      layout_loops_ring
D:3:      layout_loops_corners, nicolae_qazlal_eye_of_the_storm,
          nicolae_dithmenos_the_darkroom, serial_aquarium,
          aquarium_bridge_square [aquarium_subvault_bridge,
          aquarium_subvault_bridge, aquarium_subvault_window,
          aquarium_subvault_bridge], aquarium_bridge_square
          [aquarium_subvault_wall, aquarium_subvault_window,
          aquarium_subvault_bridge, aquarium_subvault_balcony],
          aquarium_window_corridor_1, aquarium_window_2, aquarium_view_2g,
          chequers_serial_rivers_small_a, kennysheep_big_empty_room
D:4:      layout_basic, grunt_temple_overflow_bloody_war, kennysheep_boxes
D:5:      layout_layer_cave
D:6:      layout_basic, mainiacjoe_overflow_24_doors, cheibrodos_worm_habitat,
          minmay_statues_item, nicolae_elemental_shop,
          kennysheep_generic_room_13, uniq_grinder
D:7:      layout_basic, mainiacjoe_overflow_chevrons, old_standard_altar,
          minmay_temple_entry_grid
D:8:      layout_cave_pools, nicolae_tso_besieged_by_evil, lemuel_crystal_altar,
          minmay_lizard_king

Skill      XL: |  1  2  3  4  5  6  7  8  9 |
---------------+----------------------------+-----
Dodging        | 2 3 4 |  4.4
Stealth        | 2 3 4 |  4.8
Fighting       | 1 2 3 4 |  4.1
Air Magic      | 3 4 7 |  7.3
Conjurations   | 2 3 4 |  4.4
Spellcasting   | 3 4 7 |  7.0
Hexes          | 1 2 |  2.5
Invocations    | 3 |  3.3
Translocations | 1 |  1.4

Action                     |  1- 3 |  4- 6 |  7- 9 | 10-12 || total
---------------------------+-------+-------+-------+-------++-------
  Melee: Mace              |    14 |    13 |     7 |       ||    34
         Dagger            |     1 |       |    18 |       ||    19
         Short sword       |       |     7 |       |       ||     7
         Broad axe         |       |       |     6 |       ||     6
   Fire: Sling             |    36 |    15 |    17 |       ||    68
  Throw: Javelin           |       |       |     3 |       ||     3
         Throwing net      |       |       |     1 |       ||     1
         Boomerang         |       |       |     1 |       ||     1
   Cast: Shock             |    27 |    25 |    42 |       ||    94
         Static Discharge  |    18 |    48 |   123 |     3 ||   192
         Poisonous Vapours |       |    14 |    16 |       ||    30
         Airstrike         |       |       |     2 |       ||     2
    Use: Scroll            |     3 |     4 |    12 |       ||    19
         Potion            |     1 |     4 |     1 |       ||     6
   Stab: Sleeping          |       |       |     1 |       ||     1
 Armour: Robe              |     5 |     4 |     8 |       ||    17
         Leather armour    |       |       |    16 |       ||    16
  Dodge: Dodged            |    30 |    72 |   103 |     1 ||   206
  Block: Other             |       |    20 |    31 |     1 ||    52
